 Dungeon Crawl Stone Soup version 0.29.1-13-g9f3cf754e1 (webtiles) character file.

Game seed: 4501538001838019420

247 necKro23 the Trooper (level 6, 0/39 HPs)
             Began as a Gargoyle Berserker on Feb 9, 2023.
             Was a Believer of Trog.
             Slain by a gnoll
             ... wielding a +0 halberd
              (8 damage)
             ... on level 4 of the Dungeon.
             The game lasted 00:07:25 (3170 turns).

necKro23 the Trooper (Gargoyle Berserker)           Turns: 3170, Time: 00:07:25

Health: 0/39       AC: 16    Str: 28    XL:     6   Next: 11%
Magic:  6/6        EV:  9    Int:  8    God:    Trog [**....]
Gold:   120        SH:  0    Dex:  9    Spells: 5/5 levels left

rFire   . . .      SeeInvis .   a - +0 hand axe
rCold   . . .      Faith    .   (no shield)
rNeg    + . .      Spirit   .   i - +0 chain mail
rPois   ∞          Reflect  .   (no helmet)
rElec   +          Harm     .   q - +1 cloak
rCorr   .          Rampage  .   o - +0 pair of gloves
Will    ++...                   (no boots)
Stlth   ..........              (no amulet)
HPRegen 1.13/turn               c - +6 ring of strength
MPRegen 0.10/turn               (no ring)

@: strong-willed, on berserk cooldown, regenerating
A: sickness immunity, AC +4, negative energy resistance 1, electricity
resistance, torment resistance 1, petrification resistance
a: Renounce Religion, Berserk, Trog's Hand


You were on level 4 of the Dungeon.
You worshipped Trog.
Trog was pleased with you.
You visited 1 branch of the dungeon, and saw 4 of its levels.

You collected 184 gold pieces.
You spent 64 gold pieces at shops.

Inventory:

Hand Weapons
 a - a +0 hand axe (weapon)
Missiles
 h - 3 poisoned darts (quivered)
 p - a throwing net
Armour
 i - a +0 chain mail (worn)
 o - a +0 pair of gloves (worn)
 q - a +1 cloak (worn)
Jewellery
 c - a +6 ring of strength (left hand)
Scrolls
 d - 3 scrolls of identify
 f - a scroll of summoning {unknown}
 j - a scroll of vulnerability {unknown}
 k - a scroll of teleportation {unknown}
 m - 3 scrolls of enchant weapon {unknown}
Potions
 b - a potion of invisibility {unknown}
 e - a potion of attraction {unknown}
 g - a potion of heal wounds {unknown}
 l - a potion of curing {unknown}
 n - a potion of ambrosia {unknown}


   Skills:
 + Level 4.3 Fighting
 * Level 4.3 Axes
 + Level 3.5 Armour
 + Level 2.6 Dodging


You had 5 spell levels left.
You didn't know any spells.
Your spell library was empty.

Dungeon Overview and Level Annotations

Branches:
Dungeon (4/15)
 Temple: D:4-7

Altars:

Shops:
D:1 ?   D:2 ?


Innate Abilities, Weirdness & Mutations

You are immune to sickness and miasma.
Your stone body is resilient. (AC +4)
You are immune to poison.
You resist negative energy. (rN+)
You are resistant to electric shocks. (rElec)
You are resistant to unholy torment.
You are immune to petrification.


Message History

Items here: ))) ††.
You are no longer berserk.
You are exhausted.
You feel yourself slow down.
You hear the brisk rusting of a very distant drain.
You see here a +1 cloak.
q - a +1 cloak You start putting on your armour.
You continue putting on your +1 cloak. x4
You finish putting on your +1 cloak.
You feel yourself speed up.
A gnoll comes into view. It is wielding a +0 flail.
The gnoll shouts!
A gnoll comes into view. It is wielding a +0 whip.
The gnoll shouts!
You hear a shout! x2
A gnoll comes into view. It is wielding a +0 halberd.
The gnoll shouts!
The gnoll hits you but does no damage. The gnoll attacks as you move away!
The gnoll hits you but does no damage. The gnoll hits you with a +0 whip.
The gnoll hits you with a +0 flail.
The gnoll hits you but does no damage. x2
You barely miss the gnoll. You hit the gnoll. You closely miss the gnoll.
The gnoll hits you with a +0 halberd!
* * * LOW HITPOINT WARNING * * *
The gnoll barely misses you. The gnoll hits you but does no damage.
You hit the gnoll.
The gnoll is lightly wounded.
You hit the gnoll but do no damage. x2; The gnoll hits you but does no damage.
The gnoll hits you with a +0 whip.
* * * LOW HITPOINT WARNING * * *
The gnoll hits you but does no damage.
Your skin crawls.
You feel strong-willed.
The gnoll hits you but does no damage. x2; The gnoll barely misses you.
You're still recovering from your berserk rage.
You hit the gnoll but do no damage.
The gnoll is lightly wounded.
You hit the gnoll. x2
A gnoll comes into view. It is wielding a +0 whip.
The gnoll hits you with a +0 halberd!
You die...

### g.#
#.# #.#
#.# ##g##
#.@g##
#..g.#
#....#
####.# #
##.#.# ##
####....#
.'
+.......#
#
####....#
##.#.#


You could see 4 gnolls.

Vanquished Creatures
  An ogre (D:4)
  8 gnolls
  An adder (D:4)
  An ufetubus (D:4)
  A dart slug (D:2)
  4 orcs (D:4)
  8 ball pythons
  2 bats
  4 endoplasms
  3 giant cockroaches
  5 hobgoblins
  10 jackals
  3 kobolds
  2 quokkas (D:4)
  4 frilled lizards
  7 goblins
  2 rats (D:1)
66 creatures vanquished.

Notes
Turn   | Place    | Note
-------+----------+-------------------------------------------
     0 | D:1      | necKro23 the Gargoyle Berserker began the quest for the
                  | Orb.
     0 | D:1      | Reached XP level 1. HP: 14/14 MP: 1/1
   187 | D:1      | Found Jieraell's Magic Scroll Boutique.
   196 | D:1      | Bought a scroll of identify for 20 gold pieces
   332 | D:1      | Reached XP level 2. HP: 15/19 MP: 2/2
  1115 | D:1      | Found a faded altar of an unknown god.
  1507 | D:1      | Reached XP level 3. HP: 15/23 MP: 3/3
  1686 | D:2      | Reached XP level 4. HP: 29/29 MP: 4/4
  1947 | D:2      | Found Ujuthil's Magic Scroll Boutique.
  1954 | D:2      | Bought a scroll of amnesia for 44 gold pieces
  2167 | D:3      | Reached ** piety under Trog
  2860 | D:4      | Noticed an ogre
  2870 | D:4      | Killed an ogre
  2871 | D:4      | Reached XP level 5. HP: 33/33 MP: 5/5
  3125 | D:4      | Reached XP level 6. HP: 20/38 MP: 6/6
  3170 | D:4      | Slain by a gnoll

Illustrated notes

Levels and vault maps discovered:
D:1:      matt_arrival_diagonals, layout_basic,
          shapermc_ecumenical_altar_hornbeckon, serial_shops, shop_fountains,
          chequers_serial_rivers_small_a
D:2:      minmay_alternating_diamond, layout_loops_cross, basic_altar,
          serial_shops, nicolae_shop_stone, serial_bayou_ford_a
D:3:      layout_loops_ring
D:4:      layout_loops_corners, cheibrodos_sewer_entry_bend,
          kennysheep_cross_bottleneck

Skill      XL: |  1  2  3  4 |
---------------+-------------+-----
Axes           | 3 4 |  4.3
Dodging        | 2 |  2.6
Fighting       | 4 |  4.3
Armour         | 3 |  3.5

Action                   |  1- 3 |  4- 6 || total
-------------------------+-------+-------++-------
Melee: Hand axe          |    58 |   151 ||   209
Invok: Berserk           |     2 |     2 ||     4
       Trog's Hand       |       |     1 ||     1
Armor: Animal skin       |    20 |       ||    20
       Chain mail        |    10 |   119 ||   129
Dodge: Dodged            |    35 |    88 ||   123
